 Dungeon Crawl Stone Soup version 0.27.0-1-g7a089689b8 (webtiles) character file.

Game seed: 13055125009959322099

37 Sobieck the Ruffian (level 3, 0/33 HPs)
             Began as a Ghoul Monk on Aug 3, 2021.
             Was a Priest of Cheibriados.
             Slain by a hound (1 damage)
             ... on level 3 of the Dungeon.
             The game lasted 00:03:27 (1710 turns).

Sobieck the Ruffian (Ghoul Monk)                    Turns: 1710, Time: 00:03:28

Health: 0/33       AC:  2    Str: 22    XL:     3   Next: 41%
Magic:  2/2        EV: 13    Int: 12    God:    Cheibriados [***...]
Gold:   74         SH:  0    Dex: 18    Spells: 2/2 levels left

rFire    . . .     SeeInvis .     - Unarmed
rCold    + . .     Faith    .   (no shield)
rNeg     + + +     Spirit   .   a - +0 robe
rPois    ∞         Reflect  .   (no helmet)
rElec    .         Harm     .   (no cloak)
rCorr    .         Rampage  .   (no gloves)
Will     .....                  (no boots)
Stlth    ++........             (no amulet)
HPRegen  0.00/turn              (no ring)
MPRegen  0.08/turn              (no ring)

@: inhibited regen, very slow
A: claws 1, cold resistance 1, negative energy resistance 3, inhibited
regeneration, torment resistance 2
a: Renounce Religion, Bend Time, Temporal Distortion


You were on level 3 of the Dungeon.
You worshipped Cheibriados.
Cheibriados was most pleased with you.
You visited 1 branch of the dungeon, and saw 3 of its levels.

You collected 74 gold pieces.


Innate Abilities, Weirdness & Mutations

You thrive by killing the living.
You are immune to poison.
You have sharp fingernails.
Your flesh is cold resistant. (rC+)
You are immune to negative energy. (rN+++)
You do not regenerate when monsters are visible.
You are immune to unholy pain and torment.


   Skills:
 + Level 3.7 Fighting
 + Level 3.0 Dodging
 - Level 2.1 Stealth
 * Level 4.1 Unarmed Combat


You had 2 spell levels left.
You didn't know any spells.
Your spell library was empty.

Inventory:

Missiles
 b - 28 poisoned darts (quivered) {throwing}
 d - 4 atropa-tipped darts {throwing}
 e - 8 stones {throwing}
 g - 12 bolts
Armour
 a - a +0 robe (worn)
Scrolls
 f - a scroll of teleportation {unknown}
 i - a scroll of acquirement {unknown}
 j - a scroll of silence {unknown}
 k - a scroll of identify {unknown}
 l - a scroll of noise {unknown}
Potions
 c - a potion of haste {unknown}
 h - a potion of curing {unknown}

Dungeon Overview and Level Annotations

Branches:
Dungeon (3/15)

Altars:
Cheibriados

#.# #.##.###
####.# #.#...<#
....># #.#..###
#.##.# #.#..#
#.##.# #.#..#
#.##.# #.#..#
#.##.# #.#..#
#.##.#####.#..#
##.#...h.g#@##.
#.......#.#h#
#..P.P..#ggh#
####'########
+.. #... +...#
#####


You could see 2 hounds and a gnoll.


Message History

There is a stone staircase leading up here.
You now have 41 gold pieces (gained 7).
l - a scroll labelled VANOAM AH XAZUOCKA A rat comes into view.
Danger!
The rat bites you but does no damage. x2
You scratch the rat.
You kill the rat!
Cheibriados appreciates the change of pace.
Unknown command.
Found a glowing dagger.
Unknown command.
You now have 53 gold pieces (gained 12).
A rat comes into view.
Danger!
The rat barely misses you. The rat bites you.
You scratch the rat.
You kill the rat!
Cheibriados thoroughly appreciates the change of pace.
Cheibriados raises the support of your attributes as your movement slows.
No target in view!
A goblin comes into view. It is wielding a +1 vampiric dagger.
Danger!
The helpless goblin fails to defend itself.
You claw the goblin!
You kill the goblin!
Cheibriados thoroughly appreciates the change of pace.
A rat comes into view.
Danger!
The helpless rat fails to defend itself.
You claw the rat!
You kill the rat!
Cheibriados appreciates the change of pace.
There is a stone staircase leading up here.
Found a stone staircase leading down.
You see here a +0 ring mail.
There is a stone staircase leading down here.
You now have 63 gold pieces (gained 10).
You now have 74 gold pieces (gained 11).
Found a stone staircase leading down.
There is a stone staircase leading down here.
There is a stone staircase leading down here.
Done exploring.
(D) Dungeon
Where to? (Enter - D:1 @ (x,y), ? - help)
There is a stone staircase leading up here.
There is a stone staircase leading down here.
You climb downwards.
There is a stone staircase leading up here.
A hobgoblin comes into view.
Danger!
The helpless hobgoblin fails to defend itself.
You scratch the hobgoblin but do no damage.
The hobgoblin hits you.
You barely miss the hobgoblin. The hobgoblin hits you.
You scratch the hobgoblin. The hobgoblin hits you.
You are too injured to fight recklessly!
You are too injured to fight recklessly!
You are too injured to fight recklessly!
You are too injured to fight recklessly!
You barely miss the hobgoblin. You claw the hobgoblin.
You kill the hobgoblin!
Cheibriados thoroughly appreciates the change of pace.
You see here a hobgoblin corpse.
You start resting.
Found a stone staircase leading down.
Unknown command.
You open the door. 2 hounds and a gnoll come into view.
Danger!
What are your orders? t - Shout!
Orders for allies: a - Attack new target. r - Retreat! s - Stop attacking. g - Guard the area. f - Follow me.
Anything else - Cancel.
You shout for attention!
The hound barks!
The gnoll shouts!
The hound barely misses you. The hound bites you. x3
The hound bites you. The hound barely misses you. The hound bites you.
The hound barely misses you. The hound barely misses you.
The hound bites you but does no damage.
You barely miss the hound. The hound completely misses you.
The hound barely misses you. The hound bites you.
* * * LOW HITPOINT WARNING * * *
The gnoll hits you with a +0 flail.
* * * LOW HITPOINT WARNING * * *
Unknown command.
The hound bites you.
* * * LOW HITPOINT WARNING * * *
The hound bites you.
* * * LOW HITPOINT WARNING * * *
The hound misses you. The hound barely misses you. x2
You closely miss the hound. The hound bites you.
* * * LOW HITPOINT WARNING * * *
You barely miss the hound. The hound bites you but does no damage.
The hound barely misses you.
You scratch the hound. The hound misses you.
You claw the hound! The hound bites you.
You die...

Skill      XL: |  1  2 |
---------------+-------+-----
Dodging        | 3 |  3.0
Unarmed Combat | 4 |  4.1
Fighting       | |  3.7
Stealth        | |  2.1

Action                   || total
-------------------------++-------
Melee: Unarmed           ||    84
       Punch             ||     1
 Stab: Sleeping          ||    10
Armor: Robe              ||    15
Dodge: Dodged            ||    49

Levels and vault maps discovered:
D:1:      eino_arrival_druids_welcome, layout_loops_ring,
          shapermc_ecumenical_altar_mp_vishouse
D:2:      layout_loops_ring
D:3:      layout_basic, nicolae_uskayaw_en_pointe, serial_shops, shop_fountains,
          grunt_ministairs_14, cheibrodos_gnoll_hut, uniq_natasha

Notes
Turn   | Place    | Note
-------+----------+-------------------------------------------
     0 | D:1      | Sobieck the Ghoul Monk began the quest for the Orb.
     0 | D:1      | Reached XP level 1. HP: 19/19 MP: 0/0
    88 | D:1      | Reached XP level 2. HP: 13/26 MP: 1/1
   969 | D:1      | Found a faded altar of an unknown god.
   972 | D:1      | Became a worshipper of Cheibriados the Contemplative
   972 | D:1      | Reached * piety under Cheibriados
   972 | D:1      | Reached ** piety under Cheibriados
  1058 | D:2      | Reached skill level 3 in Dodging
  1058 | D:2      | Reached skill level 4 in Unarmed Combat
  1058 | D:2      | Reached XP level 3. HP: 31/31 MP: 2/2
  1099 | D:2      | Reached *** piety under Cheibriados
  1704 | D:3      | HP: 7/33 [hound (5)]
  1707 | D:3      | HP: 1/33 [hound (4)]
  1710 | D:3      | Slain by a hound

Vanquished Creatures
  A dart slug (D:2)
  2 ball pythons
  3 bats
  4 endoplasms (D:1)
  2 giant cockroaches
  2 goblins
  3 hobgoblins
  5 jackals
  3 kobolds (D:1)
  A quokka (D:2)
  2 frilled lizards (D:1)
  3 rats (D:2)
31 creatures vanquished.

Table legend:
 A = Non-vault XP
 B = Vault XP
 C = Vault XP percentage of total XP
 D = Non-vault monster count
 E = Vault monster count
 F = Vault count percentage of total count
                 A         B        C        D         E       F
            +---------+---------+-------+---------+---------+-------
      Total |      54 |       0 |   0.0 |      31 |       0 |   0.0
            +---------+---------+-------+---------+---------+-------
        D:1 |      31 |       0 |   0.0 |      18 |       0 |   0.0
        D:2 |      21 |       0 |   0.0 |      12 |       0 |   0.0
        D:3 |       2 |       0 |   0.0 |       1 |       0 |   0.0
            +---------+---------+-------+---------+---------+-------

Illustrated notes

Table legend:
 A = Kills in this place as a percentage of kills in entire the game.
 B = Kills by you in this place as a percentage of kills by you in the entire game.
 C = Kills by friends in this place as a percentage of kills by friends in the entire game.
 D = Other kills in this place as a percentage of other kills in the entire game.
 E = Experience gained in this place as a percentage of experience gained in the entire game.
 F = Experience gained in this place divided by the number of levels of this place that you have seen.
                   A       B       C       D       E      F
               +-------+-------+-------+-------+-------+----------------------
         Total | 100.0 | 100.0 |   N/A |   N/A | 100.0 |  18.0
       Dungeon | 100.0 | 100.0 |   N/A |   N/A | 100.0 |  18.0
               +-------+-------+-------+-------+-------+----------------------

Table legend: (Time is in decaauts)
 A = Elapsed time spent in this place.
 B = Non-inter-level travel time spent in this place.
 C = Inter-level travel time spent in this place.
 D = Time resting spent in this place.
 E = Time spent auto-exploring this place.
 F = Levels seen in this place.
 G = Mean time per level.
                   A        B        C        D        E       F      G
               +--------+--------+--------+--------+--------+-----+--------+
         Total |   2058 |   1934 |    124 |    257 |   1344 |   3 |  686.0 |
       Dungeon |   2058 |   1934 |    124 |    257 |   1344 |   3 |  686.0 |
               +--------+--------+--------+--------+--------+-----+--------+

Top non-repeatable levels by time:
     D:1: 1051 daAuts
     D:2: 856 daAuts
     D:3: 150 daAuts
